 Dungeon Crawl Stone Soup version 0.17-a0-1510-gb3fb22e (webtiles) character file.

41687 badblocks the Severer (level 14, 0/98 HPs)
             Began as a Formicid Fighter on July 11, 2015.
             Was the Champion of Qazlal.
             Killed from afar by a raiju (5 damage)
             ... with a living lightning
             ... on level 1 of the Abyss.
             The game lasted 00:55:01 (17607 turns).

badblocks the Severer (Formicid Fighter)           Turns: 17607, Time: 00:55:01

Health: 0/98       AC: 20    Str: 27    XL:     14   Next: 51%
Magic:  0/20       EV:  9    Int:  7    God:    Qazlal [******]
Gold:   1519       SH: 22    Dex: 10    Spells: 0 memorised, 13 levels left

rFire  . . .     SeeInvis +     f - +3 battleaxe (freeze)
rCold  + . .     Clarity  .     w - +3 plate armour {rC+}
rNeg   + . .     SustAt   +     c - +1 shield
rPois  .         Gourm    .     (helmet unavailable)
rElec  .         Spirit   +     n - +0 cloak
rCorr  .         Warding  .     (no gloves)
rMut   .         Stasis   +     O - +0 pair of boots
MR     +....                    d - amulet of guardian spirit
Stlth  ..........               A - ring of positive energy
                                v - ring of sustain attributes

@: repel missiles, somewhat resistant to hostile enchantments, extremely
unstealthy
A: permanent stasis, dig shafts and tunnels, four strong arms, antennae 3,
repulsion field 1, deterioration 1, frail 1, MP-powered wands
a: Dig, Shaft Self, Upheaval, Elemental Force, Disaster Area, Renounce Religion


You were on level 1 of the Abyss.
You worshipped Qazlal.
Qazlal was exalted by your worship.
You were very hungry.

You visited 4 branches of the dungeon, and saw 18 of its levels.
You visited the Abyss 1 time.

You collected 3179 gold pieces.
You spent 1660 gold pieces at shops.

Inventory:

Hand weapons
 f - a +3 battleaxe of freezing (weapon)
 r - a +4 vampiric hand axe
Armour
 c - a +1 shield (worn)
 n - a +0 cloak (worn)
 w - a +3 plate armour of cold resistance (worn)
 B - a +2 chain mail of positive energy
 O - a +0 pair of boots (worn)
Jewellery
 d - an amulet of guardian spirit (around neck)
 t - an uncursed amulet of clarity
 v - a ring of sustain attributes (left hand)
 A - a ring of positive energy (right hand)
 S - an uncursed amulet of regeneration
Magical devices
 k - a wand of flame (24)
 m - a wand of slowing (11)
 s - a wand of polymorph (14)
 C - a wand of random effects (20)
 I - a wand of paralysis (19)
 K - a wand of cold (12)
 P - a wand of draining (9)
Scrolls
 a - 2 scrolls of identify
 b - 5 scrolls of remove curse
 g - 3 scrolls of immolation
 h - 4 scrolls of recharging
 i - 6 scrolls of fog
 y - 2 scrolls of magic mapping
 D - a scroll of summoning
 G - a scroll of amnesia
 H - a scroll of silence
Potions
 j - a potion of brilliance
 o - 2 potions of lignification
 q - 2 potions of cancellation
 u - a potion of magic
 F - 2 potions of agility
 M - 2 potions of flight
 N - a potion of might
Miscellaneous
 E - a sack of spiders
 L - a lantern of shadows
 Q - a phial of floods
Comestibles
 e - 7 bread rations
 l - 6 meat rations
 x - 8 slices of pizza
 z - 4 beef jerkies


   Skills:
 + Level 9.9 Fighting
 * Level 15.7 Axes
 + Level 10.2 Armour
 + Level 12.9 Shields
 * Level 8.4 Invocations


You had 13 spell levels left.
You didn't know any spells.

Dungeon Overview and Level Annotations

Branches:
Dungeon (12/15)            Temple (1/1) D:6            Lair (0/8) D:11
    Orc (4/4) D:10            Elf (1/3) Orc:3

Altars:
Ashenzari
Cheibriados
Dithmenos
Elyvilon
Fedhas
Gozag
Kikubaaqudgha
Makhleb
Nemelex Xobeh
Okawaru
Qazlal
Ru
Sif Muna
Trog
Vehumet
Xom
Yredelemnul
Zin
The Shining One
Beogh

Shops:
D:4 (   D:5 *   D:10 *!   Orc:4 ***!


Innate Abilities, Weirdness & Mutations

You are under a permanent stasis effect.
You can dig through walls and to a lower floor.
Your four strong arms can wield two-handed weapons with a shield.
You have a pair of large antennae on your head (SInv).
You are surrounded by a mild repulsion field (EV +2).
Your body sometimes deteriorates upon taking damage.
You are frail (-10% HP).
You expend magic power (3 MP) to strengthen your wands.


Message History

You slash the raiju! You freeze the raiju.
You kill the raiju!
Qazlal accepts your kill.
You slice the raiju!! You freeze the raiju!
You kill the raiju!
Qazlal accepts your kill.
You see here a raiju corpse.
Unknown command.
Unknown command.
Drink which item? (? for menu, Esc to quit)
You feel better.
The raiju bursts into living lightning!
The living lightning hits you!
* * * LOW HITPOINT WARNING * * *
The raiju blinks!
You slash the raiju! You freeze the raiju.
The raiju is moderately wounded.
The raiju bursts into living lightning!
The living lightning hits you!
You die...

. #.##. ##.
.#.# #.....#..
.##... #.#.# ..
#.....##.#...
.#....#.#.#..#
#...#...§.#.. #
......♣)†##
.#.##
#..♣.§.§#§.....
#.....§@h§.#
##...§...=#....
#'#...####.# ##
#..#'### ...
..# #.# .... #.
# # ##. .. # #
.. . . ...


You could see a raiju.

Vanquished Creatures
  Maud (D:10)
  2 orc warlords (Orc:2)
  4 ogre magi (Orc:4)
  A rakshasa (Abyss:1)
  Erica (D:11)
  The ghost of patman the Martial Artist, an experienced DgTm (D:9)
  2 deep elf summoners (Elf:1)
  A hill giant (D:10)
  An ugly thing (D:11)
  2 orc sorcerers (Orc:2)
  Psyche (D:11)
  8 trolls
  14 two-headed ogres
  3 raiju (Abyss:1)
  The ghost of urechis the Covert, an average KoBe of Trog (D:4)
  Sigmund (D:4)
  23 yaks
  A deep elf mage (Elf:1)
  A basilisk (D:11)
  A vampire (Abyss:1)
  A hippogriff (D:8)
  A hungry ghost (D:11)
  Grum (D:8)
  2 deep elf fighters
  4 wolves
  Menkaure (D:7)
  4 wargs
  2 porcupines (D:11)
  A small abomination (Abyss:1)
  23 orc warriors
  A phantom (D:11)
  4 sky beasts
  3 ice beasts
  36 ogres
  A wasp (D:8)
  7 centaurs
  4 big kobolds
  2 crocodiles
  A brain worm (D:11)
  4 giant frogs
  5 killer bees (D:9)
  A scorpion (D:4)
  6 wights
  3 crimson imps
  4 hounds
  30 orc priests
  5 giant frog skeletons
  A gnoll shaman (D:8)
  Crazy Yiuf (D:4)
  3 jellies
  37 orc wizards
  6 iguanas
  Jessica (D:2)
  Terence (D:3)
  Natasha (D:4)
  10 worker ants
  Robin (D:3)
  11 gnolls
  6 river rats (D:11)
  2 worker ant zombies
  12 adders
  4 shadow imps
  An adder skeleton (D:8)
  2 worms
  4 giant geckos
  197 orcs
  18 bats
  2 bat skeletons (D:4)
  5 giant cockroaches
  25 hobgoblins
  4 jackals (D:5)
  30 kobolds
  7 quokkas
  6 ball pythons
  A giant gecko zombie (D:4)
  10 giant newts
  29 goblins
  A jackal zombie (D:6)
  15 rats
  A plant (D:11)
682 creatures vanquished.

Vanquished Creatures (others)
  A fungus (D:11)
1 creature vanquished.

Grand Total: 683 creatures vanquished

Notes
Turn   | Place    | Note
--------------------------------------------------------------
     0 | D:1      | badblocks the Formicid Fighter began the quest for the Orb.
     0 | D:1      | Reached XP level 1. HP: 18/18 MP: 1/1
   122 | D:1      | Reached XP level 2. HP: 20/24 MP: 2/2
   291 | D:1      | Found an iron altar of Okawaru.
   503 | D:1      | Reached XP level 3. HP: 29/29 MP: 3/3
   964 | D:2      | Reached skill level 4 in Axes
   964 | D:2      | Reached XP level 4. HP: 31/35 MP: 4/4
  1078 | D:2      | Found a burning altar of Makhleb.
  1143 | D:2      | Noticed Jessica
  1149 | D:2      | Killed Jessica
  1149 | D:2      | Reached XP level 5. HP: 33/41 MP: 5/5
  1362 | D:2      | Reached skill level 5 in Axes
  1576 | D:2      | You fall through a shaft for 2 floors!
  1714 | D:3      | Found a sacrificial altar of Ru.
  1822 | D:3      | Noticed Robin
  1834 | D:3      | Killed Robin
  2092 | D:2      | Found a snail-covered altar of Cheibriados.
  2334 | D:3      | Reached XP level 6. HP: 44/47 MP: 6/6
  2340 | D:3      | Reached skill level 6 in Axes
  2528 | D:3      | Noticed Terence
  2553 | D:3      | Killed Terence
  2812 | D:4      | Reached XP level 7. HP: 15/52 MP: 7/7
  3069 | D:4      | Noticed Crazy Yiuf
  3079 | D:4      | Killed Crazy Yiuf
  3272 | D:4      | Noticed Sigmund
  3289 | D:4      | Killed Sigmund
  3289 | D:4      | Reached skill level 7 in Axes
  3333 | D:4      | Noticed urechis's ghost (average KoBe)
  3397 | D:4      | Killed urechis's ghost
  3397 | D:4      | Reached XP level 8. HP: 27/60 MP: 8/8
  3579 | D:4      | Noticed Natasha
  3589 | D:4      | Killed Natasha
  3611 | D:4      | Reached skill level 5 in Shields
  3655 | D:4      | Found Ritunol's Weapon Shop.
  4590 | D:5      | Entered Level 5 of the Dungeon
  4945 | D:5      | Found a glowing golden altar of the Shining One.
  4994 | D:5      | Reached skill level 8 in Axes
  5258 | D:5      | Found Ruvic's Assorted Antiques.
  5261 | D:5      | Bought a smoky yellow potion for 23 gold pieces
  5261 | D:5      | Bought a potion of heal wounds for 130 gold pieces
  5537 | D:5      | Reached skill level 5 in Armour
  5627 | D:6      | Reached XP level 9. HP: 67/67 MP: 9/9
  5849 | D:6      | Reached skill level 5 in Fighting
  6192 | D:6      | Found a staircase to the Ecumenical Temple.
  6227 | Temple   | Entered the Ecumenical Temple
  6272 | Temple   | Became a worshipper of Qazlal Stormbringer
  6342 | D:6      | Reached skill level 9 in Axes
  6601 | D:6      | Found a glowing silver altar of Zin.
  6760 | D:6      | Found a shimmering altar of Xom.
  6886 | D:5      | Bought a scroll of enchant weapon for 195 gold pieces
  6886 | D:5      | Bought a metallic cyan potion for 23 gold pieces
  7316 | D:7      | Found a basalt altar of Yredelemnul.
  7317 | D:7      | Found a sparkling altar of Nemelex Xobeh.
  7320 | D:7      | Found a deep blue altar of Sif Muna.
  7413 | D:7      | Found a white marble altar of Elyvilon.
  7543 | D:7      | Acquired Qazlal's first power
  7580 | D:7      | Noticed Menkaure
  7591 | D:7      | Killed Menkaure
  8281 | D:7      | You fall through a shaft for 3 floors!
  8281 | D:10     | Entered Level 10 of the Dungeon
  8350 | D:9      | Reached XP level 10. HP: 70/76 MP: 10/10
  8375 | D:9      | Found an opulent altar of Gozag.
  8443 | D:9      | Found a shattered altar of Ashenzari.
  8483 | D:9      | Reached skill level 10 in Axes
  8705 | D:8      | Acquired Qazlal's second power
  9059 | D:7      | Found a bloodstained altar of Trog.
  9503 | D:8      | Found a radiant altar of Vehumet.
  9955 | D:8      | Noticed Grum
  9965 | D:8      | Killed Grum
  9968 | D:8      | Noticed an iron golem
  9970 | D:8      | Reached skill level 11 in Axes
 10177 | D:8      | Noticed an iron golem
 10265 | D:8      | Noticed an iron golem
 10418 | D:8      | Noticed an iron golem
 10608 | D:9      | Noticed patman's ghost (experienced DgTm)
 10626 | D:8      | Acquired Qazlal's third power
 10776 | D:9      | Killed patman's ghost
 10776 | D:9      | Reached XP level 11. HP: 80/83 MP: 11/11
 11149 | D:10     | Reached skill level 10 in Shields
 11229 | D:10     | Reached skill level 1 in Invocations
 11238 | D:10     | Found Massuirph's Distillery.
 11241 | D:10     | Found a staircase to the Orcish Mines.
 11551 | D:10     | Noticed a hill giant
 11571 | D:10     | Killed a hill giant
 11571 | D:10     | Reached skill level 12 in Axes
 11694 | D:10     | Found a roughly hewn altar of Beogh.
 11709 | D:10     | Bought a potion of heal wounds for 55 gold pieces
 11709 | D:10     | Bought 2 potions of agility for 88 gold pieces
 11709 | D:10     | Bought a potion of curing for 33 gold pieces
 11709 | D:10     | Bought a potion of curing for 33 gold pieces
 11709 | D:10     | Bought 2 potions of curing for 66 gold pieces
 11887 | D:10     | Found Zual's General Store.
 11895 | D:10     | Bought a scroll of identify for 28 gold pieces
 11927 | D:11     | Found a staircase to the Lair.
 11939 | D:11     | Acquired Qazlal's fourth power
 11952 | D:11     | Noticed Maud
 11977 | D:11     | Noticed Psyche
 11981 | D:11     | Killed Psyche
 11995 | D:11     | Reached XP level 12. HP: 37/91 MP: 1/14
 12000 | D:11     | Noticed a purple ugly thing
 12015 | D:11     | Reached skill level 13 in Axes
 12015 | D:11     | Reached skill level 5 in Invocations
 12015 | D:11     | Reached XP level 13. HP: 44/99 MP: 2/17
 12026 | D:11     | Killed a purple ugly thing
 12357 | D:10     | Killed Maud
 12391 | D:11     | Identified a scroll of acquirement
 12585 | D:11     | Noticed Erica
 12597 | D:11     | Killed Erica
 13447 | Orc:1    | Entered Level 1 of the Orcish Mines
 13454 | Orc:1    | Acquired Qazlal's fifth power
 13869 | Orc:2    | Reached skill level 14 in Axes
 14315 | Orc:3    | Found a staircase to the Elven Halls.
 14315 | Orc:3    | Noticed an orc warlord
 14320 | Orc:3    | Noticed an orc warlord
 14338 | Orc:2    | Killed an orc warlord
 14886 | Orc:2    | Killed an orc warlord
 16205 | Orc:4    | Entered Level 4 of the Orcish Mines
 16217 | Orc:4    | Reached skill level 10 in Armour
 16468 | Orc:4    | Reached XP level 14. HP: 88/108 MP: 17/19
 16487 | Orc:4    | Found a bloodstained altar of Trog.
 16494 | Orc:4    | Noticed an ogre mage
 16500 | Orc:4    | Noticed an ogre mage
 16506 | Orc:4    | Killed an ogre mage
 16506 | Orc:4    | Reached skill level 15 in Axes
 16515 | Orc:4    | Killed an ogre mage
 16709 | Orc:4    | Found Deakhuto's Distillery.
 16709 | Orc:4    | Found Kipta's General Store.
 16710 | Orc:4    | Found Hum Wuimo's General Store.
 16710 | Orc:4    | Found Ekeosh's General Store.
 16722 | Orc:4    | Bought a scroll of identify for 28 gold pieces
 16722 | Orc:4    | Bought a scroll of identify for 28 gold pieces
 16723 | Orc:4    | Bought a potion of magic for 128 gold pieces
 16723 | Orc:4    | Bought a scroll of summoning for 152 gold pieces
 16724 | Orc:4    | Bought a potion of agility for 52 gold pieces
 16724 | Orc:4    | Bought a potion of beneficial mutation for 455 gold pieces
 16724 | Orc:4    | Bought a potion of agility for 52 gold pieces
 16724 | Orc:4    | Bought a potion of might for 52 gold pieces
 16724 | Orc:4    | Bought a potion of curing for 39 gold pieces
 16724 | Orc:4    | Gained mutation: Your spells are a little harder to cast, but a little more powerful. [potion of beneficial mutation]
 17513 | Elf:1    | Entered Level 1 of the Elven Halls
 17545 | Elf:1    | Noticed a deep elf sorcerer
 17551 | Elf:1    | Cast into the Abyss (a deep elf sorcerer)
 17552 | Abyss:1  | Lost mutation: Your spells are a little harder to cast, but a little more powerful. [potion of mutation]
 17552 | Abyss:1  | Gained mutation: You are surrounded by a mild repulsion field (EV +2). [potion of mutation]
 17552 | Abyss:1  | Gained mutation: Your body sometimes deteriorates upon taking damage. [potion of mutation]
 17553 | Abyss:1  | Gained mutation: You are frail (-10% HP). [potion of mutation]
 17553 | Abyss:1  | Gained mutation: You expend magic power (3 MP) to strengthen your wands. [potion of mutation]
 17605 | Abyss:1  | HP: 4/98 [raiju/living lightning (15)]
 17607 | Abyss:1  | Killed from afar by a raiju

Vault maps used:
D:1:      tarquinn_simple_flora_water_a, grunt_decor_mini_mirrors,
          okawaru_ov_weapons_minmay
D:2:      cheibriados_altar_wand_db, serial_corexii_hall,
          corexii_hall_statues_x, corexii_hall_statues_t,
          corexii_hall_statues_x, corexii_hall_statues_i,
          makhleb_heckhound_becter, uniq_jessica
D:3:      nicolae_ru_sacrificial_ziggurat, uniq_terence, uniq_robin
D:4:      serial_shops, shop, first_bread, saegor_snake_ambush, uniq_natasha,
          uniq_sigmund, uniq_crazy_yiuf_cottage
D:5:      nicolae_tso_carved_into_rock, serial_shops, kennysheep_mini
D:6:      tgw_xom, minmay_temple_entry_water_ring, lemuel_tele_altar
D:7:      kennysheep_little_box, lightli_temple_of_fire, minitemple,
          grunt_ministairs_5, uniq_menkaure
D:8:      cheibrodos_stairvault_heist, old_standard_altar, uniq_grum
D:9:      kennysheep_mini_moat, grunt_gozag_breadcrumbs, grunt_pizzeria
D:10:     minmay_orc_entry_temple_small, serial_shops, shop, nicolae_shop_trees
D:11:     minmay_lair_entry_grove, uniq_erica, uniq_psyche, uniq_maud
D:12:     serial_shops, shop_fountains, nrook_loot_triangle
Temple:   minmay_temple_bridge_b_8
Orc:1:    minmay_orc_keep
Orc:3:    nicolae_orc_pool_cavern
Orc:4:    st_orc_ogre_mass, bloody_trog
Elf:1:    serial_shops, nicolae_shop_overgrown_old_shop, minmay_elf_demonology,
          minivault_19, grunt_megastairs_2

Action                   |  1- 3 |  4- 6 |  7- 9 | 10-12 | 13-15 || total
-------------------------+-------+-------+-------+-------+-------++-------
Melee: War axe           |    94 |   140 |       |       |       ||   234
       Hand axe          |       |    90 |   590 |   577 |    22 ||  1279
       Battleaxe         |       |       |       |       |   425 ||   425
Invok: Disaster Area     |       |       |       |       |     1 ||     1
       Upheaval          |       |       |       |       |     1 ||     1
Evoke: Wand              |       |       |     1 |       |     1 ||     2
  Use: Scroll            |       |    10 |     7 |     6 |     7 ||    30
       Potion            |       |       |     4 |     7 |    13 ||    24
  Eat: Chunk             |       |     6 |    12 |     5 |    10 ||    33
       Meat ration       |       |     1 |       |       |       ||     1
       Bread ration      |       |       |     1 |     2 |       ||     3
       Pizza             |       |       |     1 |     1 |       ||     2
       Fruit             |       |       |       |       |     2 ||     2
       Beef jerky        |       |       |       |       |     2 ||     2
